 Dungeon Crawl Stone Soup version 0.30-a0-358-g0d69a1922f (webtiles) character file.

Game seed: 16484442397654592614

234 Ijustatesigmund the Magician (level 5, -4/29 HPs)
             Began as a Deep Elf Fire Elementalist on Nov 11, 2022.
             Killed from afar by Dowan (8 damage)
             ... with a puff of frost
             ... on level 4 of the Dungeon.
             The game lasted 00:07:43 (3744 turns).

Ijustatesigmund the Magician (DEFE)                 Turns: 3744, Time: 00:07:44

Health: -4/29      AC:  2    Str:  5    XL:     5   Next: 75%
Magic:  11/14      EV: 12    Int: 22    God:
Gold:   170        SH:  0    Dex: 15    Spells: 10/13 levels left

rFire   . . .      SeeInvis .    c - +4 dagger
rCold   . . .      Faith    .    (no shield)
rNeg    . . .      Spirit   .    a - +0 robe
rPois   .          Reflect  .    (no helmet)
rElec   .          Harm     .    (no cloak)
rCorr   .          Rampage  .    (no gloves)
Will    .....                    (no boots)
Stlth   +.........               (no amulet)
HPRegen 0.24/turn                (no ring)
MPRegen 0.14/turn                (no ring)

@: lit by a corona, glowing
A: no striking features
a: no special abilities


You were on level 4 of the Dungeon.
You visited 1 branch of the dungeon, and saw 4 of its levels.

You collected 170 gold pieces.

Inventory:

Hand Weapons
 c - a +4 dagger (weapon)
Missiles
 g - 2 throwing nets
Armour
 a - a +0 robe (worn)
Wands
 h - a wand of acid (7)
 j - a wand of flame (16)
 l - a wand of mindburst (14)
Scrolls
 d - 2 scrolls of teleportation
 e - a scroll of immolation
 m - a scroll of fog
 n - a scroll of identify
Potions
 b - a potion of magic
 f - 2 potions of curing
 i - a potion of haste
 k - a potion of lignification


   Skills:
 - Level 1.3 Fighting
 - Level 2.4 Dodging
 - Level 2.4 Stealth
 + Level 4.8 Spellcasting
 + Level 3.1 Conjurations
 + Level 4.5 Fire Magic
 + Level 2.0 Evocations


You had 10 spell levels left.
You knew the following spells:

 Your Spells              Type           Power      Damage    Failure   Level
a - Foxfire               Conj/Fire      88%        2x1d8     2%          1
b - Scorch                Fire           50%        2d8       2%          2

Your spell library contained the following spells:

 Spells                   Type           Power      Damage    Failure   Level
 Inner Flame              Hex/Fire       15%        N/A       12%         3
 Kindle Blastsparks       Fire/Tloc/Air  24%        2d12      17%         3
 Flame Wave               Conj/Fire      22%        2d8       22%         4


Dungeon Overview and Level Annotations

Branches:
Dungeon (4/15)
 Temple: D:4-7

Altars:
Ashenzari
Elyvilon

Annotations:
D:4 Dowan, Duvessa


Message History

You conjure some foxfire!
The foxfire hits Duvessa.
Duvessa is lightly wounded.
The foxfire hits Duvessa but does no damage.
Duvessa is lightly wounded.
Aiming: Mindburst
Press: ? - help, Shift-Dir - straight line, f - Duvessa
Aim: Duvessa, wielding a +0 rapier, wearing a +0 chain mail and carrying a wand of flame (26) (lightly wounded, chance to affect: 57%) Duvessa's mind is blasted!!
Aiming: Mindburst
Press: ? - help, Shift-Dir - straight line, f - Dowan, p - Duvessa
Aim: Dowan, wielding a +0 dagger and wearing a +0 robe (chance to affect: 73%) Dowan's mind is blasted!
Aiming: Mindburst
Press: ? - help, Shift-Dir - straight line, f/p - Dowan
Aim: Dowan, wielding a +0 dagger and wearing a +0 robe (heavily wounded, chance to affect: 73%) Dowan struggles to resist.
Casting: Foxfire (safe; 2% risk of failure)
Confirm with . or Enter, or press ? or * to list all spells.
You conjure some foxfire!
Duvessa barely misses you. Dowan barely misses you.
The foxfire hits Duvessa but does no damage.
Duvessa is severely wounded.
The foxfire hits Duvessa but does no damage.
Duvessa is severely wounded.
Duvessa hits you with a +0 rapier. Dowan hits you with a +0 dagger.
Casting: Foxfire (safe; 2% risk of failure)
Confirm with . or Enter, or press ? or * to list all spells.
You conjure some foxfire!
Duvessa says, "Where magic fails, the sword succeeds!"
Duvessa hits you with a +0 rapier! Dowan hits you with a +0 dagger.
* * * LOW HITPOINT WARNING * * *
The foxfire hits Duvessa but does no damage.
Duvessa is severely wounded.
The foxfire hits Duvessa but does no damage.
Duvessa is severely wounded.
Duvessa zaps a wand.
The puff of flame hits you.
* * * LOW HITPOINT WARNING * * *
Dowan points at you and mumbles some strange words.
The puff of frost hits you!
You die...

#...........#...............
#...........#...............
###...........########....##..
#.####+##########...####'###..
#........#...........#........
#........#...........#........
#...<....#...........#........
#........#....e......#........
#........#..§@e......#........
###....###..§..##....+........
######....###.....##.. .#........
#>................##... #....##..
#.................##...##....##..
#.................+..............
#.................#..............
#.................#..............
#...###'####......##...###...####


You could see Duvessa and Dowan.

Vanquished Creatures
  An iguana (D:3)
  Ijyb (D:3)
  7 gnolls
  4 adders
  3 dart slugs
  A worm (D:2)
  An orc (D:3)
  6 bats
  5 endoplasms
  8 goblins
  8 hobgoblins
  4 jackals (D:1)
  3 quokkas
  6 ball pythons
  4 frilled lizards
  9 kobolds
  7 rats
78 creatures vanquished.

Vanquished Creatures (collateral kills)
  A foxfire (D:1)
1 creature vanquished.

Vanquished Creatures (others)
  158 foxfires
158 creatures vanquished.

Grand Total: 237 creatures vanquished

Notes
Turn   | Place    | Note
-------+----------+-------------------------------------------
     0 | D:1      | Ijustatesigmund the Deep Elf Fire Elementalist began the
                  | quest for the Orb.
     0 | D:1      | Reached XP level 1. HP: 10/10 MP: 6/6
   167 | D:1      | Found a faded altar of an unknown god.
   178 | D:1      | Reached XP level 2. HP: 16/16 MP: 2/8
   422 | D:1      | Reached XP level 3. HP: 20/20 MP: 10/10
   425 | D:1      | Learned a level 2 spell: Scorch
   442 | D:1      | Reached skill level 1 in Fighting
  1606 | D:2      | Reached XP level 4. HP: 24/25 MP: 8/11
  1800 | D:2      | Found a broken altar of Ashenzari.
  2155 | D:3      | Reached skill level 1 in Evocations
  2580 | D:3      | Reached XP level 5. HP: 29/29 MP: 9/13
  3143 | D:3      | Found a white marble altar of Elyvilon.
  3151 | D:3      | Noticed Ijyb
  3160 | D:3      | Killed Ijyb
  3733 | D:4      | Noticed Duvessa
  3733 | D:4      | Noticed Dowan
  3744 | D:4      | Killed from afar by Dowan

Illustrated notes

Levels and vault maps discovered:
D:1:      nzn_arrival_water_spiral, layout_loops_ring,
          hellmonk_ecumenical_altar_blasted
D:2:      layout_loops_ring, basic_altar, chequers_serial_rivers_small_3,
          kennysheep_generic_room_11
D:3:      layout_basic, elyvilon_altar_4, uniq_ijyb
D:4:      layout_gridville, uniq_duvessa, uniq_pikel

Skill      XL: |  1  2  3  4  5 |
---------------+----------------+-----
Fighting       | 1 |  1.3
Conjurations   | 2 3 |  3.1
Fire Magic     | 4 |  4.5
Spellcasting   | 4 |  4.8
Evocations     | 1 2 |  2.0
Dodging        | |  2.4
Stealth        | |  2.4

Action                   |  1- 3 |  4- 6 || total
-------------------------+-------+-------++-------
Melee: Short sword       |    11 |       ||    11
       Dagger            |    38 |    12 ||    50
 Cast: Foxfire           |    48 |    47 ||    95
       Scorch            |     3 |    16 ||    19
Evoke: Wand              |       |     4 ||     4
  Use: Potion            |     2 |     1 ||     3
       Scroll            |     4 |     4 ||     8
Armor: Skin              |     5 |       ||     5
       Robe              |    10 |     4 ||    14
Dodge: Dodged            |    51 |    24 ||    75

Table legend: (Time is in decaauts)
 A = Elapsed time spent in this place.
 B = Non-inter-level travel time spent in this place.
 C = Inter-level travel time spent in this place.
 D = Time resting spent in this place.
 E = Time spent auto-exploring this place.
 F = Levels seen in this place.
 G = Mean time per level.
                   A        B        C        D        E       F      G
               +--------+--------+--------+--------+--------+-----+--------+
         Total |   3750 |   3711 |     39 |   1027 |   2115 |   4 |  937.5 |
       Dungeon |   3750 |   3711 |     39 |   1027 |   2115 |   4 |  937.5 |
               +--------+--------+--------+--------+--------+-----+--------+

Top non-repeatable levels by time:
     D:3: 1317 daAuts
     D:2: 1074 daAuts
     D:1: 1019 daAuts
     D:4: 338 daAuts
